AoeStats
← erenyager958187

Golden Pit

509749973Analyzed
1v1 RM · 5d ago on Sep 27, 2026· 34m 56s· 2 players
Game mode
Random Map
Map size
Tiny (2 player)
Population
200
Speed
Normal
Resources
Standard
Victory
Conquest
Starting age
Dark Age
Ending age
Imperial Age
RankedLock teamsTeams togetherTeam positionsShared explorationLock speedFull tech treeHidden civsTurbo modeCheats
Victory
Defeat
🇧🇷 Persians · Brazil
709
+18
🇦🇷 Byzantines · Argentina
749
-40
Curisco
2:24 Loom
22:29 Feudal Age
26:27 Gold Mining
26:29 Stone Mining
30:35 Padded Archer Armor
30:26 Fletching
32:36 Double-Bit Axe
erenyager958187
10:39 Feudal Age
25:16 Man-at-Arms
30:10 Arson
31:40 Horse Collar
31:50 Double-Bit Axe
Connection lost

Rejoining the realm…

Still unreachable

The connection could not be restored.

Session expired

The server has moved on; the page needs a fresh start.